AoeStats
← necrofilus

Glade

510601092Analyzed
1v1 RM · 24h ago on Oct 1, 2026· 35m 30s· 2 players
Game mode
Random Map
Map size
Tiny (2 player)
Population
200
Speed
Normal
Resources
Standard
Victory
Conquest
Starting age
Dark Age
Ending age
Imperial Age
RankedLock teamsTeams togetherTeam positionsShared explorationLock speedFull tech treeHidden civsTurbo modeCheats
Victory
Defeat
🇹🇷 Portuguese · Türkiye
979
+17
🇵🇪 Saxons · Peru
1008
-17
alvaradogomez1700
10:40 Feudal Age
11:55 Loom
16:34 Castle Age
15:16 Fletching
16:56 Man-at-Arms
28:56 Imperial Age
28:34 Scale Mail Armor
necrofilus
12:36 Feudal Age
14:05 Horse Collar
17:08 Castle Age
17:40 Stone Mining
17:39 Town Watch
18:48 Fletching
19:38 Double-Bit Axe
28:29 Imperial Age
25:47 Loom
26:47 Bow Saw
27:39 Wheelbarrow
27:38 Bodkin Arrow
28:06 Ballistics
30:10 Chemistry
31:32 Masonry
Connection lost

Rejoining the realm…

Still unreachable

The connection could not be restored.

Session expired

The server has moved on; the page needs a fresh start.